 Dungeon Crawl Stone Soup version 0.15.1-2-g8fbdab7 (console) character file.

17359 Iskender the Cruncher (level 12, -1/83 HPs)
             Began as a Formicid Fighter on Oct 1, 2014.
             Was an Elder of Yredelemnul.
             Killed from afar by a frost giant (9 damage)
             ... with a bolt of cold
             ... in an ice cave.
             The game lasted 02:14:06 (11576 turns).

Iskender the Cruncher (Formicid Fighter)           Turns: 11576, Time: 02:14:06

HP  -1/83        AC 28     Str 19      XL: 12   Next: 81%
MP  24/24        EV  6     Int  9      God: Yredelemnul [****..]
Gold 540         SH 12     Dex 13      Spells:  0 memorised, 11 levels left

rFire  . . .     SeeInvis +     a - +0 quarterstaff (protect)
rCold  + . .     Clarity  .     K - +4 plate armour "Deaduokk" {rElec rF+ Str-3}
rNeg   . . .     rCorr    .     c - +0 shield
rPois  .         rRot     .     (helmet unavailable)
rElec  +         Spirit   .     X - +0 cloak
SustAb .         Warding  .     u - +1 pair of gloves
rMut   .         Stasis   +     V - +0 pair of boots
Gourm  .                        (no amulet)
MR     +....                    j - +4 ring of slaying
                                W - ring of ice

@: somewhat resistant to hostile enchantments, extremely unstealthy
A: permanent stasis, dig shafts and tunnels, four strong arms, antennae 3
a: Dig, Shaft Self, Animate Dead, Recall Undead Slaves, Injury Mirror, Drain
Life, Renounce Religion


You were in an ice cave.
You worshipped Yredelemnul.
Yredelemnul was greatly pleased with you.
You were not hungry.

You visited 3 branches of the dungeon, and saw 13 of its levels.
You also visited: Ice Cave.

You collected 578 gold pieces.
You spent 38 gold pieces at shops.

Inventory:

Hand weapons
 a - a +0 quarterstaff of protection (weapon)
 b - a +2 hunting sling of freezing
 A - a +2 quarterstaff of chaos
 T - a +2 vampiric halberd
 U - a +1 flail of crushing
Missiles
 i - 236 stones (quivered)
 q - 5 needles of confusion
 r - 44 sling bullets
 t - 7 javelins of penetration
 v - 3 curare-tipped needles
 M - 16 bolts
Armour
 c - a +0 shield (worn)
 u - a +1 pair of gloves (worn)
 G - a +3 chain mail of poison resistance
 J - the +6 plate armour of the Sun {rN+ Int+2}
   (You found it on level 5 of the Dungeon)

   It affects your intelligence (+2).
   It protects you from negative energy.
 K - the +4 plate armour "Deaduokk" (worn) {rElec rF+ Str-3}
   (You found it in an ice cave)

   It affects your strength (-3).
   It protects you from fire.
   It insulates you from electricity.
 V - a +0 pair of boots (worn)
 X - a +0 cloak (worn)
Magical devices
 y - a wand of magic darts (1)
 L - a wand of draining (2)
Comestibles
 d - 10 bread rations
 f - 6 rotting chunks of yak flesh
 D - 2 meat rations
Scrolls
 e - 3 scrolls of remove curse
 l - a scroll of vulnerability
 o - a scroll of enchant weapon {unknown}
 p - a scroll of fear {unknown}
 w - 2 scrolls of noise {unknown}
 z - 2 scrolls of fog
 C - 2 scrolls of enchant armour
 E - a scroll of amnesia {unknown}
 Q - a scroll of identify
Jewellery
 j - a +4 ring of slaying (right hand)
 s - an uncursed ring of positive energy
 x - an uncursed ring of protection from magic
 W - a ring of ice (left hand)
Potions
 g - 3 potions of restore abilities
 h - a potion of brilliance {unknown}
 k - a potion of experience {unknown}
 m - a potion of agility
 F - a potion of magic
 N - a potion of berserk rage {unknown}
 O - a potion of mutation {unknown}
 R - a potion of flight {unknown}
 S - a potion of curing {unknown}
Books
 B - a book of Summonings

   Spells                             Type                      Level
   Abjuration                         Summoning                    3
   Recall                             Summoning/Translocation      3
   Shadow Creatures                   Summoning                    5
   Summon Demon                       Summoning                    5
   Summon Forest                      Summoning/Translocation      5
   Monstrous Menagerie                Summoning                    6
 I - a book of Battle

   Spells                             Type                      Level
   Infusion                           Charms                       1
   Shroud of Golubria                 Charms/Translocation         2
   Song of Slaying                    Charms                       2
   Spectral Weapon                    Hexes/Charms                 3
   Regeneration                       Charms/Necromancy            3
Magical staves
 P - an uncursed staff of poison


   Skills:
 - Level 3.9 Fighting
 - Level 5.7(10.8) Polearms
 + Level 13.9(14.3) Staves
 - Level 10.1 Armour
 - Level 10.1 Shields
 - Level 6.1 Invocations


You had 11 spell levels left.
You didn't know any spells.

Dungeon Overview and Level Annotations

Branches:
Dungeon (11/15)            Temple (1/1) D:4            Lair (1/8) D:10
    Orc: D:9-12

Altars:
Cheibriados
Elyvilon
Kikubaaqudgha
Makhleb
Nemelex Xobeh
Sif Muna
Trog
Xom
Yredelemnul
Zin
The Shining One

Shops:
D:5 *   D:7 *   D:9 (

Annotations:
D:9 art lajatang, Erolcha
D:11 nessos, hydra, Nessos IceCv exclusion: ice statue


Innate Abilities, Weirdness & Mutations

Your are under a permanent stasis effect.
You can dig through walls and to a lower floor.
Your four strong arms can wield two-handed weapons with a shield.
You have a pair of large antennae on your head (SInv).


Message History

The frost giant gestures at you while chanting.
The bolt of cold misses you.
Unknown command.
Unknown command.
The frost giant casts a spell at you. The bolt of cold hits you! You resist.
* * * LOW HITPOINT WARNING * * *
You enter the shallow water.
Moving in this stuff is going to be slow.
The frost giant gestures at you while chanting.
The bolt of cold misses you.
The frost giant points at you and mumbles some strange words.
The bolt of cold hits you! You resist.
* * * LOW HITPOINT WARNING * * *
Drink which item? (? for menu, Esc to quit)
Okay, then.
The frost giant gestures at you while chanting.
The bolt of cold hits you! You resist.
You die...
Your body rises from the dead as a mindless zombie.

#.### #Z..##{.##
#...###Z####.Z.#
#..###.#######.##
#C.#≈#.#..# #Z.#
##.#≈#..!.# ##Z##
#..#.#...# #..#
##..##.⌠.# ##.##
#..##...#### #Z.#
##@##......# ##.#
#.###...#.###.Z##
##.###..#..#....##
##..# #####.#.###.#
##...#####≈#Z##.Z.##
##..##.#.#≈##.###.Z##
#...###.#.##.## ##{.#
#..##≈≈≈##...# ##z#
#..#≈≈≈##...## #Z#


You could see a frost giant.

Vanquished Creatures
  The ghost of Thrillho the Severer, a powerful MiBe of Trog (IceCv)
  An unseen horror (D:11)
  Joseph (D:7)
  Psyche (D:8)
  A komodo dragon (D:10)
  A troll (D:10)
  13 polar bears (IceCv)
  2 blink frogs
  A two-headed ogre (D:10)
  28 yaks
  A deep elf mage (D:9)
  A hippogriff (D:10)
  Eustachio (D:7)
  16 wolves (IceCv)
  A steam dragon (D:10)
  A human zombie (D:8)
  2 water moccasins
  2 orc warriors
  2 porcupines (Lair:1)
  A sky beast (D:7)
  2 black bears
  3 centaurs
  6 ice beasts
  A phantom (D:10)
  4 ogres
  Sigmund (D:7)
  5 giant frogs
  5 scorpions
  An eye of draining (D:10)
  3 killer bees (D:6)
  A goliath beetle (D:7)
  A wight (D:6)
  2 gnoll shamans
  4 crimson imps
  3 hounds
  A jelly (D:5)
  Crazy Yiuf (D:3)
  2 iguanas
  6 orc priests
  3 orc wizards
  Ijyb (D:3)
  A sky beast zombie (D:7)
  2 worker ant zombies
  10 adders
  7 gnolls
  2 giant mites
  3 worms
  An iguana zombie (D:7)
  22 orcs
  9 bats
  4 giant cockroaches
  10 hobgoblins
  15 kobolds
  4 giant geckos
  7 giant newts
  A gnoll skeleton (D:4)
  12 goblins
  A hobgoblin skeleton (D:5)
  2 jackals (D:9)
  A kobold zombie (D:5)
  An orc skeleton (D:4)
  An orc zombie (D:7)
  9 quokkas
  16 rats
  A fungus (Lair:1)
276 creatures vanquished.

Vanquished Creatures (collateral kills)
  A blink frog (D:10)
  A wraith (D:11)
  A hill giant zombie (D:8)
  A spriggan (D:6)
  4 yaks
  A wolf (IceCv)
  A water moccasin (D:5)
  A phantom (D:9)
  5 ice beasts
  Duvessa (D:6)
  A big kobold (D:9)
  4 wights (D:6)
  2 goliath beetles
  A jelly (D:9)
  Dowan (D:6)
  A crimson imp (D:5)
  An orc priest (D:8)
  An orc wizard (D:6)
  A worker ant zombie (D:11)
  5 gnolls (D:8)
  A worm (D:5)
  2 giant geckos (D:5)
  2 orcs (D:8)
  A kobold (D:6)
  3 bats
  A goblin (D:4)
  A rat (D:9)
46 creatures vanquished.

Vanquished Creatures (others)
  2 polar bears (IceCv)
  2 flying skulls (IceCv)
  A yak (IceCv)
  7 polar bear zombies (IceCv)
  9 yak zombies
  4 wolf zombies (IceCv)
  2 centaur zombies
  A giant frog zombie (D:10)
  An elf zombie (D:9)
  2 killer bee zombies (D:6)
  An ogre zombie (D:7)
  2 hound zombies
  3 mummies
  A scorpion zombie (D:6)
  6 gnoll zombies
  2 goblin zombies (D:3)
  A quokka (D:3)
  A giant spore (D:9)
  A jackal zombie (D:9)
  A kobold zombie (D:5)
  6 orc zombies
  A plant (D:10)
57 creatures vanquished.

Grand Total: 379 creatures vanquished

Notes
Turn   | Place    | Note
--------------------------------------------------------------
     0 | D:1      | Iskender, the Formicid Fighter, began the quest for the Orb.
     0 | D:1      | Reached XP level 1. HP: 18/18 MP: 1/1
   163 | D:1      | Reached XP level 2. HP: 16/24 MP: 3/3
   266 | D:1      | Found a shimmering altar of Xom.
   906 | D:2      | Reached XP level 3. HP: 25/29 MP: 4/4
  1057 | D:2      | Found a glowing golden altar of the Shining One.
  1058 | D:2      | Noticed an angel
  1075 | D:2      | Found a basalt altar of Yredelemnul.
  1076 | D:2      | Noticed a profane servitor
  1082 | D:2      | Became a worshipper of Yredelemnul the Dark
  1349 | D:3      | Noticed Ijyb
  1636 | D:3      | Reached skill level 4 in Polearms
  1636 | D:3      | Reached XP level 4. HP: 30/35 MP: 5/5
  1673 | D:3      | Found a white marble altar of Elyvilon.
  1826 | D:3      | Found a burning altar of Makhleb.
  2261 | D:4      | Found a staircase to the Ecumenical Temple.
  2278 | Temple   | Entered the Ecumenical Temple
  2338 | D:3      | Reached skill level 5 in Polearms
  2338 | D:3      | Reached XP level 5. HP: 28/41 MP: 7/7
  2352 | D:3      | Acquired Yredelemnul's first power
  2836 | D:3      | Killed Ijyb
  2869 | D:3      | Noticed Crazy Yiuf
  2877 | D:3      | Your ally Ijyb died
  2891 | D:3      | Killed Crazy Yiuf
  2891 | D:3      | Reached XP level 6. HP: 47/47 MP: 8/8
  3265 | D:4      | Reached skill level 1 in Staves
  3495 | D:4      | Found a snail-covered altar of Cheibriados.
  3525 | D:4      | Acquired Yredelemnul's second power
  3753 | D:5      | Entered Level 5 of the Dungeon
  3815 | D:5      | Got a distressingly furry plate armour
  3846 | D:5      | Identified the +6 plate armour of the Sun {rN+ Int+2} (You found it on level 5 of the Dungeon)
  3902 | D:5      | Noticed a water moccasin
  3907 | D:5      | Killed a water moccasin
  3907 | D:5      | Reached XP level 7. HP: 49/52 MP: 9/9
  3914 | D:5      | Found Suffi's General Store.
  3944 | D:5      | Bought a potion of poison for 11 gold pieces
  3944 | D:5      | Bought a potion of agility for 27 gold pieces
  4278 | D:5      | Reached skill level 5 in Staves
  4352 | D:5      | Reached skill level 1 in Invocations
  4786 | D:6      | Reached XP level 8. HP: 53/58 MP: 15/15
  4972 | D:6      | Noticed Dowan
  4974 | D:6      | Noticed Duvessa
  4993 | D:5      | Reached skill level 6 in Staves
  5074 | D:6      | Found an ancient bone altar of Kikubaaqudgha.
  5195 | D:6      | Found a glowing silver altar of Zin.
  5287 | D:7      | Noticed Eustachio
  5319 | D:7      | Killed Eustachio
  5390 | D:6      | Reached skill level 7 in Staves
  5455 | D:6      | Found an ancient bone altar of Kikubaaqudgha.
  5561 | D:6      | Reached skill level 8 in Staves
  5570 | D:6      | Reached XP level 9. HP: 47/64 MP: 17/17
  5730 | D:6      | Reached skill level 9 in Staves
  6121 | D:6      | Killed Duvessa
  6125 | D:6      | Killed Dowan
  6182 | D:7      | Noticed a spriggan baker
  6195 | D:6      | Killed a spriggan baker
  6435 | D:7      | Reached skill level 10 in Staves
  6547 | D:7      | Acquired Yredelemnul's third power
  6548 | D:7      | Noticed Sigmund
  6553 | D:7      | Killed Sigmund
  6565 | D:7      | Found a bloodstained altar of Trog.
  6565 | D:7      | Found a deep blue altar of Sif Muna.
  6591 | D:7      | Found Evilad's Elemental Accessories.
  6753 | D:7      | Noticed Joseph
  6773 | D:7      | Killed Joseph
  6773 | D:7      | Reached skill level 11 in Staves
  7218 | D:8      | Reached XP level 10. HP: 70/70 MP: 16/18
  7382 | D:8      | Noticed Psyche
  7402 | D:8      | Killed Psyche
  7427 | D:8      | Reached skill level 12 in Staves
  7985 | D:8      | Received a gift from Yredelemnul
  8110 | D:9      | Found Upail's Antique Weapon Shop.
  8199 | D:9      | Reached skill level 13 in Staves
  8395 | D:9      | Reached skill level 5 in Armour
  8417 | D:9      | Reached XP level 11. HP: 47/76 MP: 20/20
  8534 | D:9      | Noticed Erolcha
  8663 | D:9      | Found a sparkling altar of Nemelex Xobeh.
  8735 | D:10     | Entered Level 10 of the Dungeon
  8870 | D:10     | Acquired Yredelemnul's fourth power
  8952 | D:9      | Reached skill level 5 in Shields
  9515 | D:10     | Found a staircase to the Lair.
  9795 | D:10     | Reached skill level 5 in Invocations
  9795 | D:10     | Received a gift from Yredelemnul
  9932 | D:11     | Noticed an unseen horror
  9952 | D:11     | Killed an unseen horror
 10005 | D:11     | Noticed a seven-headed hydra
 10089 | D:11     | Noticed Nessos
 10132 | Lair:1   | Entered Level 1 of the Lair of Beasts
 10345 | Lair:1   | Found a frozen archway.
 10400 | IceCv    | Entered an ice cave
 10638 | IceCv    | Noticed an ice statue
 10654 | IceCv    | Reached XP level 12. HP: 78/83 MP: 22/22
 10768 | IceCv    | Noticed Thrillho's ghost (powerful MiBe)
 10808 | IceCv    | Killed Thrillho's ghost
 10864 | IceCv    | Reached skill level 10 in Armour
 11089 | IceCv    | Reached skill level 10 in Shields
 11194 | IceCv    | Received a gift from Yredelemnul
 11283 | IceCv    | Got a fine plate armour
 11320 | IceCv    | Identified the +4 plate armour "Deaduokk" {rElec rF+ Str-3} (You found it in an ice cave)
 11476 | IceCv    | Noticed a frost giant
 11515 | IceCv    | Received a gift from Yredelemnul
 11576 | IceCv    | Killed from afar by a frost giant

Action                   |  1- 3 |  4- 6 |  7- 9 | 10-12 || total
-------------------------+-------+-------+-------+-------++-------
Melee: Trident           |   119 |   165 |       |       ||   284
       Quarterstaff      |       |    60 |   238 |   804 ||  1102
       Dire flail        |       |       |    24 |       ||    24
       Staff             |       |       |       |    66 ||    66
 Fire: Hunting sling     |       |       |     2 |    12 ||    14
Throw: Stone             |     6 |    21 |    19 |     8 ||    54
Invok: Animate Remains   |       |     8 |    13 |       ||    21
       Recall Undead Sla |       |     1 |       |     1 ||     2
       Animate Dead      |       |       |     1 |    34 ||    35
       Drain Life        |       |       |       |     5 ||     5
 Abil: Dig               |     1 |     3 |     9 |    19 ||    32
Evoke: Wand              |       |       |    11 |     3 ||    14
  Use: Scroll            |       |     4 |     4 |     4 ||    12
       Potion            |       |       |       |     7 ||     7
 Stab: Paralysed         |       |     2 |       |       ||     2
       Petrifying        |       |     1 |       |       ||     1
       Confused          |       |       |     5 |       ||     5
       Distracted        |       |       |     2 |       ||     2
       Invisible         |       |       |       |     5 ||     5
  Eat: Chunk             |     3 |     8 |     9 |    14 ||    34
       Pizza             |       |       |     2 |       ||     2
       Beef jerky        |       |       |       |     2 ||     2
       Meat ration       |       |       |       |     1 ||     1
